AoeStats
← Nicky

Baltic

510619056Analyzed
3v3 RM · 1d ago on Oct 1, 2026· 44m 1s· 6 players
Game mode
Random Map
Map size
Normal (6 player)
Population
200
Speed
Normal
Resources
Standard
Victory
Conquest
Starting age
Dark Age
Ending age
Imperial Age
RankedLock teamsTeams togetherTeam positionsShared explorationLock speedFull tech treeHidden civsTurbo modeCheats
Victory
Defeat
🇫🇷 Spanish · France
863
+13
🇦🇷 Italians · Argentina
857
+13
🇲🇽 Vikings · Mexico
800
+17
🇺🇸 Saxons · United States
820
-15
🇺🇸 Danes · United States
792
-14
🇺🇸 Varangians · United States
789
-14
rubber_23
1:22 Loom
12:36 Feudal Age
13:22 Double-Bit Axe
15:19 Fletching
18:06 Gold Mining
20:50 Castle Age
21:01 Crossbowman
22:00 Stone Mining
27:57 Bodkin Arrow
28:48 Arson
29:03 Squires
32:21 Imperial Age
32:02 Man-at-Arms
32:55 Forging
33:15 Ballistics
32:24 Arbalester
33:49 Conscription
33:29 Horse Collar
33:55 Bracer
33:34 Long Swordsman
35:34 Chemistry
35:16 Iron Casting
34:42 Scale Mail Armor
34:40 Two-Handed Swordsman
36:25 Bogsveigar
37:24 Chain Mail Armor
38:13 Blast Furnace
37:15 Padded Archer Armor
Cameleon_
12:03 Feudal Age
13:30 Wheelbarrow
12:56 Fishing Lines
13:31 Double-Bit Axe
18:27 Castle Age
21:04 Bow Saw
20:36 Horse Collar
21:01 Stone Mining
21:11 Gillnets
21:59 Fletching
22:37 Hand Cart
22:09 Loom
22:11 Town Watch
23:20 Medium Warships
24:11 Bodkin Arrow
24:46 Town Patrol
24:58 Heavy Plow
26:08 Herbal Medicine
26:25 Fervor
28:50 Ballistics
28:26 Murder Holes
28:42 Masonry
28:36 Padded Archer Armor
28:39 Inquisition
29:27 Careening
29:17 Herbal Medicine
29:57 Leather Archer Armor
30:29 Gold Mining
33:19 Imperial Age
33:24 Caravan
33:54 Coinage
34:31 Siphons
35:28 Chemistry
36:15 Ring Archer Armor
35:45 Bracer
36:32 Heavy Warships
35:36 Elite Cannon Galleon
36:38 Guilds
37:28 Elite Conquistador
38:30 Supremacy
37:41 Sappers
38:47 Hoardings
39:23 Conscription
SHEGO
0:28 Loom
10:40 Feudal Age
11:11 Double-Bit Axe
11:24 Town Watch
12:16 Wheelbarrow
13:44 Horse Collar
19:20 Castle Age
19:12 Gold Mining
19:18 Stone Mining
19:21 Fletching
20:13 Bow Saw
20:39 Hand Cart
20:42 Heavy Plow
21:30 Town Patrol
22:47 Arson
23:02 Squires
26:28 Stone Shaft Mining
26:17 Forging
26:07 Scale Mail Armor
26:04 Bodkin Arrow
28:17 Fishing Lines
29:19 Treadmill Crane
29:51 Masonry
33:17 Imperial Age
32:26 Padded Archer Armor
33:14 Caravan
33:55 Silk Road
33:57 Ballistics
35:13 Chemistry
34:50 Conscription
36:06 Two-Man Saw
36:11 Crop Rotation
37:18 Iron Casting
36:59 Chain Mail Armor
38:43 Hoardings
38:25 Pirotechnia
42:21 Murder Holes
42:36 Masonry
43:04 Hoardings
Nicky
10:18 Feudal Age
10:50 Man-at-Arms
15:26 Double-Bit Axe
15:24 Horse Collar
15:39 Gold Mining
21:01 Scale Mail Armor
26:24 Castle Age
25:25 Wheelbarrow
24:37 Town Watch
29:10 Medium Warships
29:47 Bow Saw
32:08 Chain Mail Armor
32:04 Forging
33:11 Elite Skirmisher
41:21 Hand Cart
41:10 Town Patrol
BRY
10:38 Feudal Age
11:34 Double-Bit Axe
15:35 Loom
15:46 Gold Mining
21:05 Castle Age
20:16 Horse Collar
20:53 Forging
20:47 Scale Mail Armor
21:33 Man-at-Arms
21:59 Gambesons
23:25 Wheelbarrow
22:47 Long Swordsman
24:16 Heavy Plow
27:06 Iron Casting
27:56 Arson
28:14 Squires
30:40 Stone Mining
31:12 Chain Mail Armor
31:51 Pikeman
34:05 Hamask
37:22 Imperial Age
40:35 Elite Jomsviking
bray
4:23 Loom
11:08 Feudal Age
11:49 Horse Collar
12:00 Double-Bit Axe
20:22 Castle Age
19:19 Padded Archer Armor
19:10 Fletching
22:01 Bow Saw
21:53 Bodkin Arrow
22:26 Gold Mining
23:27 Bloodlines
24:39 Stone Mining
25:04 Husbandry
28:00 Wheelbarrow
28:43 Ballistics
32:41 Murder Holes
37:26 Leather Archer Armor
38:50 Scale Barding Armor
38:55 Forging
39:08 Vendel Legacy
43:12 Elite Skirmisher
44:21 Masonry
44:40 Chain Barding Armor
44:56 Iron Casting
Connection lost

Rejoining the realm…

Still unreachable

The connection could not be restored.

Session expired

The server has moved on; the page needs a fresh start.